 Dungeon Crawl Stone Soup version 0.17-a0-946-g1856e96 (webtiles) character file.

69 Combs the Sneak (level 4, -4/21 HPs)
             Began as a Spriggan Enchanter on May 7, 2015.
             Killed from afar by Natasha (8 damage)
             ... with a wand of flame
             ... on level 2 of the Dungeon.
             The game lasted 00:04:35 (1802 turns).

Combs the Sneak (Spriggan Enchanter)                Turns: 1802, Time: 00:04:35

Health: -4/21      AC:  4    Str:  7    XL:     4   Next: 2%
Magic:  9/9        EV: 18    Int: 17    God:
Gold:   108        SH:  0    Dex: 16    Spells: 3 memorised, 2 levels left

rFire  . . .     SeeInvis +     a - +1 dagger
rCold  . . .     Clarity  .     b - +1 robe
rNeg   . . .     SustAb   .     (shield restricted)
rPois  .         Gourm    .     (helmet restricted)
rElec  .         Spirit   .     i - +0 cloak {+Inv}
rCorr  .         Warding  .     (gloves unavailable)
rMut   .         Stasis   .     (boots unavailable)
MR     .....                    (no amulet)
Stlth  ++++......               (no ring)
                                f - +3 ring of strength

@: very quick, not resistant to hostile enchantments, stealthy
A: unfitting armour, see invisible, herbivore 3, speed 3, slow metabolism 2
a: Evoke Invisibility


You were on level 2 of the Dungeon.
You were not hungry.

You visited 1 branch of the dungeon, and saw 2 of its levels.

You collected 108 gold pieces.

Inventory:

Hand weapons
 a - a +1 dagger (weapon)
Missiles
 g - 30 poisoned needles
Armour
 b - a +1 robe (worn)
 i - a +0 cloak of invisibility (worn)
Jewellery
 f - a +3 ring of strength (left hand)
Scrolls
 e - 2 scrolls of identify {unknown}
 h - a scroll of teleportation {unknown}
 j - a scroll of fear {unknown}
Potions
 k - a potion of ambrosia {unknown}
Books
 c - a book of Maledictions

   Spells                             Type                      Level
   a - Corona                         Hexes                        1
   b - Ensorcelled Hibernation        Hexes/Ice                    2
   c - Confuse                        Hexes                        3
   d - Tukima's Dance                 Hexes                        3
   e - Dazzling Spray                 Conjuration/Hexes            3
Comestibles
 d - 2 bread rations


   Skills:
 + Level 2.9 Short Blades
 - Level 3.0 Dodging
 + Level 6.0 Stealth
 * Level 2.9 Spellcasting
 + Level 3.8 Hexes


You had 2 spell levels left.
You knew the following spells:

 Your Spells              Type           Power        Failure   Level  Hunger
a - Corona                Hex            ###....      3%          1    None
b - Ensorcelled Hibernat  Hex/Ice        #.....       14%         2    ##.....
c - Confuse               Hex            ###.....     12%         3    ###....


Dungeon Overview and Level Annotations

Branches:
Dungeon (2/15)

Altars:

Annotations:
D:2 Natasha


Innate Abilities, Weirdness & Mutations

You are tiny and cannot use many weapons and most armour.
You have supernaturally acute eyesight.
You are a herbivore.
You cover ground extremely quickly.
You need consume almost no food.


Message History

You impale the kobold!!
You kill the kobold!
Your Stealth skill increases to level 6!
You see here a club.
Natasha, Servant of Life and Death comes into view.
Natasha is nearby!
Natasha hisses angrily.
Natasha gestures.
Suddenly you are surrounded with a pale green light.
Natasha casts a spell at you. The magic dart hits you!
Found a hunting sling.
Natasha zaps a wand.
The puff of flame hits you!
* * * LOW HITPOINT WARNING * * *
It is a wand of flame.
You are too injured to fight recklessly!
You are too injured to fight recklessly!
You are too injured to fight recklessly!
Natasha zaps a wand.
The puff of flame hits you!
You die...

#############.#........
#.......... ###.######
#.# #.# ##'## ##.(.##
####....)##
......%@..##
.........).#
...........$+
.##...?.....#
#........## .........##
###.#...## ).h##+## ###


You could see Natasha.

Vanquished Creatures
  2 adders
  A gnoll (D:1)
  A giant gecko (D:2)
  2 giant cockroaches
  6 goblins
  10 hobgoblins
  2 jackals (D:1)
  4 bats
  6 kobolds
  A quokka (D:2)
  2 rats
37 creatures vanquished.

Notes
Turn   | Place    | Note
--------------------------------------------------------------
     0 | D:1      | Combs, the Spriggan Enchanter, began the quest for the Orb.
     0 | D:1      | Reached XP level 1. HP: 9/9 MP: 5/5
   519 | D:1      | Reached XP level 2. HP: 13/13 MP: 6/6
   530 | D:1      | Reached skill level 5 in Stealth
   541 | D:1      | Learned a level 2 spell: Ensorcelled Hibernation
   735 | D:1      | Reached XP level 3. HP: 6/16 MP: 4/8
  1588 | D:2      | Learned a level 3 spell: Confuse
  1692 | D:2      | Reached XP level 4. HP: 18/21 MP: 9/9
  1795 | D:2      | Reached skill level 6 in Stealth
  1798 | D:2      | Noticed Natasha
  1802 | D:2      | Killed from afar by Natasha

Action                   |  1- 3 |  4- 6 || total
-------------------------+-------+-------++-------
Melee: Dagger            |   163 |     2 ||   165
 Cast: Ensorcelled Hiber |     4 |       ||     4
       Corona            |     1 |       ||     1
 Stab: Sleeping          |     6 |     2 ||     8
